AoeStats
← migueluptown

Arena

507625099Analyzed
4v4 RM · 14d ago on Sep 19, 2026· 88m 18s· 8 players
Game mode
Random Map
Map size
Large (8 player)
Population
200
Speed
Normal
Resources
Standard
Victory
Conquest
Starting age
Dark Age
Ending age
Imperial Age
RankedLock teamsTeams togetherTeam positionsShared explorationLock speedFull tech treeHidden civsTurbo modeCheats
Victory
Defeat
🇨🇱 Khmer · Chile
1029
+14
🇹🇼 Cumans · Taiwan
1012
+42
🇨🇳 Portuguese · China
985
+16
🇨🇳 Aztecs · China
923
+19
🇧🇷 Magyars · Brazil
1082
-19
🇵🇪 Spanish · Peru
990
-16
🇧🇷 Koreans · Brazil
963
-15
🇵🇪 Teutons · Peru
930
-14
wilson2012629
7:20 Loom
9:29 Feudal Age
10:34 Double-Bit Axe
12:32 Horse Collar
26:48 Town Watch
27:42 Wheelbarrow
33:54 Castle Age
37:17 Bow Saw
37:09 Heavy Plow
40:07 Fletching
43:34 Hand Cart
43:02 Elite Skirmisher
48:00 Bodkin Arrow
50:40 Padded Archer Armor
53:28 Masonry
56:09 Ballistics
58:01 Leather Archer Armor
58:05 Caravan
63:38 Imperial Age
65:42 Chemistry
68:21 Two-Man Saw
67:55 Crop Rotation
77:53 Scale Barding Armor
78:32 Forging
79:06 Light Cavalry
79:57 Bloodlines
81:38 Caravan
82:05 Chain Barding Armor
83:40 Iron Casting
83:41 Plate Barding Armor
83:07 Scale Mail Armor
85:56 Chain Mail Armor
88:13 Ring Archer Armor
SrTrancos
5:29 Loom
12:25 Feudal Age
11:40 Loom
14:17 Wheelbarrow
13:34 Double-Bit Axe
14:18 Double-Bit Axe
16:56 Castle Age
15:05 Gold Mining
15:19 Horse Collar
15:52 Loom
18:21 Bow Saw
19:02 Heavy Plow
21:52 Hand Cart
21:31 Town Watch
24:20 Bloodlines
24:15 Husbandry
25:04 Gold Mining
25:04 Stone Mining
24:44 Light Cavalry
27:17 Gold Shaft Mining
26:52 Scale Barding Armor
28:10 Forging
35:09 Imperial Age
33:28 Iron Casting
33:52 Chain Barding Armor
36:41 Conscription
36:25 Tusk Swords
36:56 Town Patrol
36:24 Elite Battle Elephant
39:05 Blast Furnace
38:41 Plate Barding Armor
38:50 Hoardings
38:54 Crop Rotation
38:18 Hussar
39:23 Masonry
40:22 Fortified Wall
41:13 Chemistry
43:53 Ballistics
44:04 Architecture
48:08 Elite Ballista Elephant
49:40 Double Crossbow
55:31 Padded Archer Armor
55:24 Fletching
57:48 Siege Engineers
61:38 Murder Holes
65:01 Bodkin Arrow
65:22 Leather Archer Armor
66:15 Elite Skirmisher
67:20 Parthian Tactics
67:00 Bracer
67:30 Ring Archer Armor
72:01 Caravan
只会种田别打我
9:54 Feudal Age
13:51 Castle Age
12:43 Double-Bit Axe
20:55 Horse Collar
21:29 Bow Saw
23:36 Wheelbarrow
25:03 Gold Mining
24:50 Pikeman
25:33 Squires
25:42 Gambesons
27:15 Forging
27:06 Scale Mail Armor
27:23 Heavy Plow
28:02 Gold Shaft Mining
28:22 Iron Casting
29:35 Chain Mail Armor
31:55 Imperial Age
30:23 Hand Cart
30:04 Fletching
31:50 Bodkin Arrow
32:35 Loom
33:13 Conscription
34:09 Stone Mining
35:24 Ballistics
36:22 Blast Furnace
35:52 Plate Mail Armor
35:23 Bracer
35:57 Crop Rotation
36:33 Padded Archer Armor
36:37 Atlatl
36:30 Elite Skirmisher
37:47 Town Watch
38:51 Garland Wars
39:53 Coinage
44:11 Chemistry
43:15 Man-at-Arms
43:54 Long Swordsman
45:18 Two-Handed Swordsman
45:31 Elite Jaguar Warrior
49:56 Leather Archer Armor
51:45 Banking
51:15 Caravan
51:21 Town Patrol
50:45 Champion
58:49 Eagle Warrior
59:50 Elite Eagle Warrior
62:04 Arson
anit
11:23 Feudal Age
15:04 Castle Age
13:48 Stone Mining
14:57 Horse Collar
15:08 Double-Bit Axe
18:03 Horse Collar
22:56 Heavy Plow
24:30 Wheelbarrow
23:41 Town Watch
23:46 Loom
24:17 Circumnavigation
25:18 Bow Saw
25:06 Gold Mining
26:27 Hand Cart
26:11 Elite Skirmisher
26:51 Fletching
29:55 Thumb Ring
30:39 Padded Archer Armor
30:42 Bodkin Arrow
30:25 Pikeman
33:40 Imperial Age
33:16 Stone Shaft Mining
32:41 Arson
33:10 Forging
33:16 Leather Archer Armor
33:04 Scale Mail Armor
34:16 Elite Organ Gun
34:59 Arquebus
35:19 Halberdier
36:02 Bracer
36:21 Chain Mail Armor
37:38 Two-Man Saw
36:43 Town Patrol
37:23 Conscription
37:36 Fortified Wall
40:08 Chemistry
39:11 Crossbowman
42:23 Crop Rotation
47:40 Capped Ram
51:45 Circumnavigation
62:50 Caravan
69:34 Ballistics
69:39 Bombard Tower
69:33 Masonry
79:42 Husbandry
79:52 Bloodlines
85:44 Arbalester
88:14 Siege Engineers
88:40 Architecture
El_Loco_95
10:24 Feudal Age
16:06 Castle Age
14:40 Loom
14:58 Fletching
23:52 Wheelbarrow
26:39 Town Watch
27:43 Town Watch
31:29 Imperial Age
30:41 Bodkin Arrow
30:57 Forging
30:52 Double-Bit Axe
33:05 Bracer
33:46 Ballistics
33:23 Murder Holes
34:37 Chemistry
34:58 Sanctity
36:48 Hand Cart
41:58 Pikeman
42:39 Squires
45:10 Scale Mail Armor
46:39 Halberdier
47:07 Elite Skirmisher
62:14 Chain Mail Armor
62:39 Iron Casting
63:02 Horse Collar
63:39 Chain Mail Armor
64:52 Heavy Plow
65:50 Plate Mail Armor
66:56 Thumb Ring
72:34 Caravan
76:16 Town Patrol
82:23 Elite War Wagon
84:58 Crossbowman
migueluptown
10:31 Feudal Age
11:04 Double-Bit Axe
18:05 Castle Age
16:55 Scale Barding Armor
18:00 Bloodlines
19:12 Bow Saw
20:03 Wheelbarrow
21:46 Chain Barding Armor
23:51 Husbandry
27:05 Hand Cart
27:33 Forging
27:14 Gambesons
29:13 Iron Casting
28:39 Scale Mail Armor
29:03 Horse Collar
31:17 Chain Mail Armor
31:48 Man-at-Arms
32:30 Squires
32:16 Arson
35:07 Imperial Age
32:53 Gold Mining
32:57 Stone Mining
35:15 Long Swordsman
36:59 Blast Furnace
37:33 Two-Man Saw
37:07 Plate Mail Armor
37:02 Conscription
37:31 Caravan
37:52 Heavy Plow
37:48 Town Watch
37:45 Two-Handed Swordsman
38:23 Fletching
38:34 Padded Archer Armor
39:25 Champion
43:47 Pikeman
45:24 Plate Barding Armor
46:03 Loom
46:44 Supremacy
46:38 Cavalier
47:34 Halberdier
48:28 Light Cavalry
49:23 Hussar
50:43 Town Patrol
56:18 Paladin
64:31 Bodkin Arrow
64:51 Leather Archer Armor
74:07 Chemistry
72:34 Capped Ram
73:47 Bracer
74:18 Ring Archer Armor
75:40 Siege Ram
Danhão
11:06 Feudal Age
12:33 Loom
15:21 Castle Age
14:48 Double-Bit Axe
16:31 Horse Collar
17:15 Scale Barding Armor
20:44 Wheelbarrow
21:38 Bloodlines
23:55 Light Cavalry
25:00 Town Watch
25:43 Fletching
26:10 Pikeman
27:40 Thumb Ring
27:36 Bodkin Arrow
29:47 Ballistics
29:58 Chain Barding Armor
32:00 Hand Cart
33:30 Husbandry
34:02 Town Patrol
39:44 Imperial Age
37:20 Corvinian Army
38:08 Man-at-Arms
40:57 Conscription
40:46 Bracer
41:49 Chemistry
41:29 Halberdier
44:34 Recurve Bow
45:17 Parthian Tactics
45:53 Careening
45:42 Murder Holes
45:54 Siege Engineers
46:12 Padded Archer Armor
47:04 Hoardings
49:28 Heavy Cavalry Archer
50:21 Cavalier
52:45 Plate Barding Armor
52:26 Leather Archer Armor
51:49 Elite Magyar Huszar
67:09 Capped Ram
69:23 Ring Archer Armor
69:30 Scale Mail Armor
77:16 Hussar
82:40 Caravan
85:15 Onager
Jota
0:27 Loom
11:27 Feudal Age
18:57 Castle Age
17:29 Stone Mining
17:33 Gold Mining
18:04 Double-Bit Axe
18:03 Horse Collar
20:25 Bow Saw
20:45 Heavy Plow
25:57 Ironclad
31:37 Imperial Age
29:50 Stone Shaft Mining
30:08 Wheelbarrow
29:20 Town Watch
31:28 Forging
31:19 Scale Mail Armor
31:29 Fletching
32:47 Conscription
33:13 Hand Cart
34:11 Two-Man Saw
33:44 Crop Rotation
33:20 Elite Teutonic Knight
35:38 Chain Mail Armor
36:01 Iron Casting
35:34 Caravan
36:48 Crenellations
37:52 Plate Mail Armor
39:47 Chemistry
41:44 Blast Furnace
40:46 Cavalier
41:42 Scale Barding Armor
41:13 Onager
42:31 Guilds
46:48 Paladin
49:45 Chain Barding Armor
51:05 Plate Barding Armor
59:19 Elite Skirmisher
59:58 Bodkin Arrow
60:04 Padded Archer Armor
63:02 Leather Archer Armor
70:08 Ring Archer Armor
Connection lost

Rejoining the realm…

Still unreachable

The connection could not be restored.

Session expired

The server has moved on; the page needs a fresh start.